AoeStats
← 孤傲苍狼啸月圆

Arena

510508960Analyzed
2v2 RM · 1d ago on Oct 1, 2026· 62m 16s· 4 players
Game mode
Random Map
Map size
Medium (4 player)
Population
200
Speed
Normal
Resources
Standard
Victory
Conquest
Starting age
Dark Age
Ending age
Imperial Age
RankedLock teamsTeams togetherTeam positionsShared explorationLock speedFull tech treeHidden civsTurbo modeCheats
Victory
Defeat
🇨🇳 Vikings · China
509
+13
🇬🇷 Persians · Greece
469
+14
🇸🇪 Turks · Sweden
442
-14
🇮🇱 Dravidians · Israel
422
-13
Mjölk
1:05 Loom
13:09 Feudal Age
13:38 Horse Collar
13:50 Double-Bit Axe
22:05 Castle Age
25:05 Wheelbarrow
25:10 Heavy Plow
25:28 Bow Saw
30:20 Imperial Age
28:56 Fletching
29:26 Squires
29:50 Forging
31:28 Scale Mail Armor
34:50 Husbandry
38:08 Heavy Scorpion
45:00 Gold Mining
45:40 Conscription
46:06 Cavalier
47:29 Hand Cart
48:13 Bodkin Arrow
54:31 Elite Janissary
58:05 Stone Mining
Shukiki
12:41 Feudal Age
11:28 Loom
14:55 Double-Bit Axe
14:56 Horse Collar
15:24 Gold Mining
18:51 Padded Archer Armor
18:42 Fletching
19:33 Stone Mining
22:12 Castle Age
21:47 Forging
21:38 Scale Mail Armor
21:44 Scale Barding Armor
23:33 Wheelbarrow
22:44 Town Watch
23:29 Heavy Plow
23:43 Bow Saw
23:55 Pikeman
24:36 Squires
26:42 Leather Archer Armor
26:23 Bodkin Arrow
27:03 Iron Casting
26:55 Hand Cart
31:55 Caravan
33:20 Ballistics
32:51 Heated Shot
32:59 Heated Shot
33:03 Guard Tower
33:10 Murder Holes
33:32 Fortified Wall
34:07 Chain Mail Armor
36:40 Coinage
38:46 Siphons
38:55 Masonry
41:09 Chain Barding Armor
42:55 Town Patrol
43:34 Herbal Medicine
46:52 Imperial Age
43:52 Elite Skirmisher
47:44 Elite Urumi Swordsman
52:48 Chemistry
51:34 Arrowslits
52:24 Keep
52:25 Ring Archer Armor
51:56 Bracer
Dream
0:30 Loom
12:27 Feudal Age
13:23 Double-Bit Axe
13:45 Horse Collar
14:58 Wheelbarrow
14:53 Town Watch
18:06 Scale Mail Armor
18:07 Padded Archer Armor
17:57 Fletching
18:17 Forging
19:14 Gold Mining
19:15 Stone Mining
22:14 Scale Barding Armor
22:20 Forging
21:33 Man-at-Arms
21:59 Arson
23:03 Bloodlines
27:10 Castle Age
28:59 Gold Shaft Mining
29:00 Stone Shaft Mining
28:31 Husbandry
27:53 Light Cavalry
30:59 Caravan
31:12 Gambesons
32:37 Guard Tower
33:22 Squires
34:13 Pikeman
34:15 Long Swordsman
34:55 Herbal Medicine
38:23 Parthian Tactics
40:47 Hand Cart
41:01 Chain Barding Armor
40:57 Chain Mail Armor
41:05 Ballistics
40:57 Heavy Plow
43:01 Kamandaran
43:29 Murder Holes
45:03 Leather Archer Armor
44:43 Bodkin Arrow
45:26 Iron Casting
45:06 Masonry
50:26 Imperial Age
48:58 Fervor
49:31 Bow Saw
52:03 Cavalier
53:23 Hoardings
53:12 Conscription
54:15 Savar
55:08 Thumb Ring
56:10 Chemistry
55:42 Plate Mail Armor
55:55 Hussar
58:32 Two-Man Saw
58:06 Crop Rotation
58:15 Plate Barding Armor
58:11 Ring Archer Armor
孤傲苍狼啸月圆
9:26 Loom
19:33 Feudal Age
24:06 Castle Age
22:03 Arson
22:35 Forging
22:16 Fletching
22:26 Padded Archer Armor
22:27 Scale Mail Armor
22:30 Double-Bit Axe
22:29 Horse Collar
22:45 Gold Mining
22:46 Stone Mining
24:27 Elite Skirmisher
24:55 Pikeman
25:35 Squires
29:01 Chieftains
29:41 Bow Saw
29:34 Heavy Plow
30:14 Iron Casting
29:55 Chain Mail Armor
29:55 Leather Archer Armor
29:36 Bodkin Arrow
29:47 Scale Barding Armor
31:19 Gold Shaft Mining
31:16 Caravan
46:27 Imperial Age
48:39 Blast Furnace
48:09 Plate Mail Armor
48:10 Ring Archer Armor
50:49 Plate Mail Armor
50:49 Ring Archer Armor
50:21 Bracer
49:44 Elite Varangian Guard
54:20 Elite Berserk
Connection lost

Rejoining the realm…

Still unreachable

The connection could not be restored.

Session expired

The server has moved on; the page needs a fresh start.